 Dungeon Crawl Stone Soup version 0.22-a0-231-g1b571ea (webtiles) character file.

448 Azzok the Sneak (level 7, -7/50 HPs)
             Began as a Gnoll Enchanter on Feb 20, 2018.
             Was an Initiate of Okawaru.
             Killed by divine providence
             ... invoked by an orc priest
              (16 damage)
             ... on level 4 of the Dungeon.
             The game lasted 00:11:14 (6084 turns).

Azzok the Sneak (Gnoll Enchanter)                   Turns: 6084, Time: 00:11:15

Health: -7/50      AC:  2    Str: 10    XL:     7   Next: 4%
Magic:  1/15       EV: 21    Int: 19    God:    Okawaru [......]
Gold:   179        SH:  0    Dex: 16    Spells: 7/16 levels left

rFire    + . .     SeeInvis .   a - +1 dagger
rCold    + + .     Gourm    .   (no shield)
rNeg     . . .     Faith    .   b - +0 robe
rPois    .         Spirit   .   (no helmet)
rElec    .         Reflect  .   n - scarf {rC+ rF+}
rCorr    .         Harm     .   (no gloves)
MR       .....                  (no boots)
Stlth    +++.......             (no amulet)
HPRegen  0.16/turn              t - ring of protection from cold
MPRegen  0.14/turn              r - +6 ring of evasion (curse)

@: no status effects
A: distributed training, fangs 1, strong nose
a: Renounce Religion


You were on level 4 of the Dungeon.
You worshipped Okawaru.
Okawaru was noncommittal.
You were not hungry.

You visited 2 branches of the dungeon, and saw 6 of its levels.

You collected 179 gold pieces.

Inventory:

Hand Weapons
 a - a +1 dagger (weapon)
Armour
 b - a +0 robe (worn)
 n - a scarf of resistance (worn)
Jewellery
 l - an uncursed ring of protection from magic
 r - a cursed +6 ring of evasion (right hand)
 t - a ring of protection from cold (left hand)
 v - a +2 ring of intelligence {unknown}
Scrolls
 f - 4 scrolls of noise {unknown}
 h - a scroll of blinking {unknown}
 i - 6 scrolls of teleportation {unknown}
 j - 9 scrolls of identify {unknown}
 o - 3 scrolls of amnesia {unknown}
 p - a scroll of enchant weapon {unknown}
 s - 3 scrolls of fear {unknown}
 u - a scroll of remove curse {unknown}
Potions
 d - 2 potions of resistance {unknown}
 e - a potion of cancellation {unknown}
 g - a potion of curing {unknown}
 k - a potion of lignification {unknown}
 m - a potion of berserk rage {unknown}
 q - a potion of ambrosia {unknown}
 w - a potion of magic {unknown}
Comestibles
 c - 5 rations


   Skills:
 + Level 2.2 Fighting
 + Level 3.4 Short Blades
 + Level 2.2 Long Blades
 + Level 2.2 Axes
 + Level 2.2 Maces & Flails
 + Level 2.2 Polearms
 + Level 2.2 Staves
 + Level 2.2 Slings
 + Level 2.2 Bows
 + Level 2.2 Crossbows
 + Level 2.2 Throwing
 + Level 2.2 Armour
 + Level 5.1 Dodging
 + Level 6.4 Stealth
 + Level 2.2 Shields
 + Level 2.2 Unarmed Combat
 + Level 5.4 Spellcasting
 + Level 1.7 Conjurations
 + Level 5.7 Hexes
 + Level 1.7 Charms
 + Level 1.7 Summonings
 + Level 1.7 Necromancy
 + Level 1.7 Translocations
 + Level 1.7 Transmutations
 + Level 1.7 Fire Magic
 + Level 1.7 Ice Magic
 + Level 1.7 Air Magic
 + Level 1.7 Earth Magic
 + Level 1.7 Poison Magic
 + Level 2.4 Invocations
 + Level 2.2 Evocations


You had 7 spell levels left.
You knew the following spells:

 Your Spells              Type           Power        Failure   Level  Hunger
a - Corona                Hex            ####...      1%          1    None
b - Ensorcelled Hibernat  Hex/Ice        ###...       3%          2    None
c - Confuse               Hex            ####....     3%          3    ##.....
d - Dazzling Spray        Conj/Hex       ###...       8%          3    ##.....


Dungeon Overview and Level Annotations

Branches:
Dungeon (5/15)             Temple (1/1) D:4

Altars:
Cheibriados
Gozag
Hepliaklqana
Makhleb
Okawaru
Qazlal
Trog
Uskayaw
Wu Jian
The Shining One


Innate Abilities, Weirdness & Mutations

Your experience applies equally to all skills.
You have very sharp teeth.
Your uncanny sense of smell can sniff out nearby items.


Message History

You hit the orc priest but do no damage.
The orc priest is heavily wounded.
The orc priest barely misses you.
You hit the orc priest.
The orc priest is heavily wounded.
You hit the orc priest but do no damage.
The orc priest is heavily wounded.
The orc priest mumbles some strange prayers to Beogh against you.
You struggle to resist.
You hit the orc priest.
The orc priest is severely wounded.
The orc priest invokes the aid of Beogh against you.
Pain shoots through your body!
* * * LOW HITPOINT WARNING * * *
You hit the orc priest.
The orc priest is almost dead.
The orc priest stops glowing.
The orc priest invokes the aid of Beogh against you.
Beogh smites you!
You die...

········▒▒·▒···▒▒▒▒············§·
···<·▒▒▒▒▒·······▒▒·§····§·······
·····▒▒▒▒▒·▒▒·▒▒·▒▒······§·§·····
···▒·······▒▒·▒▒·▒▒·§·§··········
▒▒▒▒▒▒▒▒▒▒·▒▒·▒▒·▒▒···§··········
▒▒▒▒▒▒▒▒ ▒·▒▒·▒▒·▒▒··············
·······▒▒▒·▒▒·▒▒··8··············
·······▒········o················
·······▒·▒·▒▒··▒@▒8··············
·····<·▒·▒·▒▒··▒·▒▒··············
·······▒·▒·····▒·▒▒····§··§··§···
·······▒·▒··▒▒·▒·▒▒·§···§·§······
▒▒▒·▒▒▒▒·▒··▒▒·▒·▒▒§··§···§······
▒·▒ ▒·········▒▒·····§········
▒·▒ ▒▒▒▒·▒▒▒▒▒▒▒············§·
▒·▒ ▒·▒ ▒·▒ ▒·▒ ▒▒▒▒▒▒▒▒


You could see an orc priest.

Vanquished Creatures
  A centaur zombie (D:5)
  2 orc priests
  An iguana (D:4)
  2 orc wizards
  A hound skeleton (D:4)
  4 gnolls
  10 adders
  An ooze (D:3)
  An adder skeleton (D:5)
  2 worms
  A dart slug (D:1)
  5 leopard geckos
  19 orcs
  4 giant cockroaches
  5 goblins
  8 hobgoblins
  11 jackals
  3 quokkas
  A ball python (D:2)
  9 bats
  5 frilled lizards
  7 kobolds
  9 rats
112 creatures vanquished.

Notes
Turn   | Place    | Note
-------+----------+-------------------------------------------
     0 | D:1      | Azzok the Gnoll Enchanter began the quest for the Orb.
     0 | D:1      | Reached XP level 1. HP: 13/13 MP: 6/6
   127 | D:1      | Reached XP level 2. HP: 10/19 MP: 4/7
   185 | D:1      | Learned a level 2 spell: Ensorcelled Hibernation
   944 | D:1      | Reached XP level 3. HP: 25/25 MP: 9/9
  1065 | D:1      | Reached skill level 5 in Spellcasting
  1396 | D:2      | Reached skill level 6 in Stealth
  1404 | D:2      | Reached skill level 1 in Invocations
  1619 | D:2      | Reached skill level 1 in Fighting
  1619 | D:2      | Reached skill level 1 in Long Blades
  1619 | D:2      | Reached skill level 1 in Axes
  1619 | D:2      | Reached skill level 1 in Maces & Flails
  1619 | D:2      | Reached skill level 1 in Polearms
  1619 | D:2      | Reached skill level 1 in Staves
  1619 | D:2      | Reached skill level 1 in Slings
  1619 | D:2      | Reached skill level 1 in Bows
  1619 | D:2      | Reached skill level 1 in Crossbows
  1619 | D:2      | Reached skill level 1 in Throwing
  1619 | D:2      | Reached skill level 1 in Armour
  1619 | D:2      | Reached skill level 1 in Shields
  1619 | D:2      | Reached skill level 1 in Unarmed Combat
  1619 | D:2      | Reached skill level 1 in Evocations
  1619 | D:2      | Reached XP level 4. HP: 20/32 MP: 1/11
  1832 | D:2      | Reached skill level 1 in Conjurations
  1832 | D:2      | Reached skill level 1 in Charms
  1832 | D:2      | Reached skill level 1 in Summonings
  1832 | D:2      | Reached skill level 1 in Necromancy
  1832 | D:2      | Reached skill level 1 in Translocations
  1832 | D:2      | Reached skill level 1 in Transmutations
  1832 | D:2      | Reached skill level 1 in Fire Magic
  1832 | D:2      | Reached skill level 1 in Ice Magic
  1832 | D:2      | Reached skill level 1 in Air Magic
  1832 | D:2      | Reached skill level 1 in Earth Magic
  1832 | D:2      | Reached skill level 1 in Poison Magic
  2006 | D:2      | Reached XP level 5. HP: 37/37 MP: 9/12
  3972 | D:3      | Reached XP level 6. HP: 44/44 MP: 13/13
  4690 | D:3      | Found a stormy altar of Qazlal.
  4869 | D:3      | Reached skill level 5 in Dodging
  5902 | D:4      | Found a staircase to the Ecumenical Temple.
  5911 | Temple   | Entered the Ecumenical Temple
  5929 | Temple   | Became a worshipper of Warmaster Okawaru
  5961 | D:5      | Entered Level 5 of the Dungeon
  6003 | D:4      | Learned a level 3 spell: Confuse
  6007 | D:4      | Learned a level 3 spell: Dazzling Spray
  6024 | D:5      | Reached XP level 7. HP: 49/50 MP: 13/15
  6084 | D:4      | Killed from afar by an orc priest

Vault maps used:
D:1:      dpeg_arrival_rooms_with_view, minmay_tetromino_o4
D:2:      cheibrodos_pilgrimage
D:3:      nicolae_qazlal_eye_of_the_storm
D:4:      lemuel_temple_firewalk_b, first_ration
Temple:   regret_index_temple_chain_breaker

Skill      XL: |  1  2  3  4  5  6 |
---------------+-------------------+-----
Spellcasting   | 5 |  5.4
Stealth        | 6 |  6.4
Invocations    | 1 2 |  2.4
Fighting       | 1 2 |  2.2
Long Blades    | 1 2 |  2.2
Axes           | 1 2 |  2.2
Maces & Flails | 1 2 |  2.2
Polearms       | 1 2 |  2.2
Staves         | 1 2 |  2.2
Slings         | 1 2 |  2.2
Bows           | 1 2 |  2.2
Crossbows      | 1 2 |  2.2
Throwing       | 1 2 |  2.2
Armour         | 1 2 |  2.2
Shields        | 1 2 |  2.2
Unarmed Combat | 1 2 |  2.2
Evocations     | 1 2 |  2.2
Conjurations   | 1 |  1.7
Charms         | 1 |  1.7
Summonings     | 1 |  1.7
Necromancy     | 1 |  1.7
Translocations | 1 |  1.7
Transmutations | 1 |  1.7
Fire Magic     | 1 |  1.7
Ice Magic      | 1 |  1.7
Air Magic      | 1 |  1.7
Earth Magic    | 1 |  1.7
Poison Magic   | 1 |  1.7
Short Blades   | 3 |  3.4
Dodging        | 5 |  5.1
Hexes          | |  5.7

Action                   |  1- 3 |  4- 6 |  7- 9 || total
-------------------------+-------+-------+-------++-------
Melee: Dagger            |    90 |   215 |    21 ||   326
       Bite              |     6 |    23 |     2 ||    31
       Punch             |       |     2 |       ||     2
 Cast: Corona            |     8 |     2 |     1 ||    11
       Ensorcelled Hiber |    14 |    84 |     9 ||   107
       Confuse           |       |     1 |       ||     1
 Stab: Sleeping          |    18 |    61 |     1 ||    80
       Confused          |       |     1 |       ||     1
  Eat: Chunk             |     2 |    14 |     1 ||    17
Armor: Robe              |    18 |    18 |       ||    36
Dodge: Dodged            |    64 |   210 |    12 ||   286

Table legend:
 A = Spawn XP
 B = Non-spawn XP
 C = Spawn XP percentage of total XP
 D = Spawn monster count
 E = Non-spawn monster count
 F = Spawn count percentage of total count
 G = Total turns spent on level
                    A         B        C        D         E        F      G
               +---------+---------+-------+---------+---------+-------+---------
         Total |       0 |     641 |   0.0 |       0 |     112 |   0.0 |  6084
               +---------+---------+-------+---------+---------+-------+---------
           D:1 |       0 |      46 |   0.0 |       0 |      25 |   0.0 |  1697
           D:2 |       0 |     245 |   0.0 |       0 |      40 |   0.0 |  2529
           D:3 |       0 |     198 |   0.0 |       0 |      32 |   0.0 |   947
           D:4 |       0 |     101 |   0.0 |       0 |      11 |   0.0 |   789
           D:5 |       0 |      51 |   0.0 |       0 |       4 |   0.0 |    93
               +---------+---------+-------+---------+---------+-------+---------
